Map: Thunderbird LE

Players

LiquidSnute (Snute) - Winner!

  • Race: Zerg Zerg
  • League: Grandmaster
  • Spawn Location: 11:00

Reynor

  • Race: Zerg Zerg
  • League: Master
  • Spawn Location: 5:00

Event: HomeStory Cup XIX

VOD

Have the link to the VOD?

Description

Time

  • Played on: June 27, 2019, 10:49 a.m.
  • Length: 15:20

All games in this series

Show
View Real Time Build Order
Export as new Build Order

LiquidSnute Zerg - Winner!

Build Orders: Hatch First 

Get SALT Encoding   

  12  0:00  Drone  
  13  0:12  Overlord  
  13  0:16  Drone  
  14  0:30  Drone x2  
  14  0:34  Drone  
  17  0:51  Hatchery  
  17  0:54  Drone  
  17  0:57  Drone  
  18  1:08  Extractor  
  17  1:12  Spawning Pool  
  17  1:15  Drone  
  17  1:18  Drone  
  18  1:28  Drone  
  19  1:38  Overlord  
  19  1:49  Drone  
  20  1:58  Queen  
  20  2:00  Drone  
  23  2:02  Queen  
  23  2:03  Drone  
  23  2:07  Metabolic Boost  
  26  2:11  Drone  
  26  2:15  Drone  
  28  2:21  Drone  
  29  2:25  Drone  
  30  2:32  Drone  
  30  2:34  Queen  
  30  2:36  Drone  
  34  2:46  Hatchery  
  34  2:49  Overlord  
  33  2:51  Drone  
  33  2:57  Baneling Nest  
  33  2:59  Drone x2  
  33  3:05  Drone  
  36  3:07  Overlord  
  36  3:09  Drone  
  36  3:10  Zergling x2  
  38  3:13  Zergling x2  
  38  3:17  Zergling x2  
  38  3:19  Overlord  
  40  3:20  Drone  
  40  3:24  Drone  
  42  3:27  Drone  
  43  3:34  Drone  
  43  3:37  Drone  
  45  3:43  Drone x3, Lair  
  45  3:46  Drone  
  45  3:48  Zergling x2, Extractor  
  49  3:51  Zergling x4  
  51  3:55  Evolution Chamber  
  51  3:57  Drone x2  
  51  4:01  Drone x2  
  51  4:02  Roach Warren  
  50  4:06  Extractor  
  50  4:07  Baneling x2  
  50  4:08  Drone  
  50  4:09  Drone  
  51  4:10  Baneling  
  51  4:11  Baneling  
  51  4:12  Drone  
  52  4:17  Drone x3  
  52  4:18  Drone  
  52  4:20  Extractor  
  53  4:24  Drone  
  53  4:26  Drone x4  
  53  4:29  Drone  
  53  4:30  Drone  
  60  4:33  Overlord  
  60  4:36  Drone x2  
  60  4:38  Drone  
  63  4:40  Zerg Missile Weapons Level 1  
  64  4:45  Drone x2  
  64  4:47  Glial Reconstitution  
  65  4:53  Evolution Chamber  
  65  4:54  Drone x4  
  65  4:55  Drone  
  69  5:01  Drone x5  
  69  5:04  Extractor  
  73  5:19  Hatchery  
  73  5:20  Overlord  
  71  5:24  Roach  
  73  5:32  Overlord x3  
  73  5:40  Roach x4  
  81  5:45  Overlord  
  81  5:52  Roach x12  
  105  5:59  Extractor, Overlord x2  
  104  6:05  Roach x4  
  104  6:09  Overlord  
  113  6:17  Overlord  
  115  6:18  Ravager x2  
  115  6:19  Ravager, Roach x3  
  115  6:20  Ravager  
  115  6:23  Queen  
  115  6:24  Roach x2  
  129  6:26  Overlord  
  129  6:29  Roach  
  129  6:30  Roach x3  
  129  6:31  Overlord  
  137  6:36  Roach x6  
  149  6:42  Roach  
  151  6:48  Roach x3  
  155  6:56  Roach x5  
  149  7:05  Roach x4  
  149  7:06  Roach x5  
  151  7:09  Roach  
  143  7:16  Roach  
  143  7:21  Roach x3  
  144  7:28  Roach x3  
  144  7:29  Ravager  
  138  7:30  Ravager x2, Roach  
  128  7:38  Roach x3  
  128  7:42  Roach  
  120  7:45  Roach x3  
  120  7:46  Roach x4  
  126  7:51  Roach x4  
  126  7:55  Extractor, Roach  
  127  8:03  Queen  
  127  8:04  Queen, Roach  
  127  8:05  Roach x2  
  129  8:09  Roach  
  123  8:12  Roach x2  
  123  8:17  Roach x7  
  122  8:21  Roach x2  
  122  8:24  Roach  
  118  8:28  Queen x2  
  118  8:31  Roach x4  
  118  8:32  Roach  
  123  8:35  Roach x2  
  119  8:44  Roach x4  
  119  8:45  Ravager  
  126  8:51  Roach  
  126  8:52  Roach x2  
  126  8:56  Roach x3  
  126  8:58  Ravager  
  133  9:04  Roach x4  
  133  9:07  Ravager  
  144  9:10  Roach x2  
  144  9:13  Roach x2  
  150  9:20  Roach x2  
  150  9:22  Roach x2  
  158  9:27  Roach x2  
  162  9:32  Roach x3  
  162  9:34  Overlord  
  162  9:38  Overlord  
  158  9:55  Roach x9  
  176  10:01  Ravager x2  
  176  10:02  Ravager  
  176  10:06  Extractor, Roach x2  
  176  10:07  Roach  
  184  10:11  Overlord x2  
  184  10:33  Roach x8  
  200  10:47  Spine Crawler  
  199  10:52  Ravager  
  199  10:54  Zerg Missile Weapons Level 2  
  199  10:55  Zerg Ground Armor Level 1  
  174  11:06  Roach x10  
  174  11:07  Roach x4  
  183  11:15  Roach x4  
  183  11:16  Ravager  
  183  11:17  Ravager x2  
  192  11:21  Roach x3  
  192  11:22  Roach  
  188  11:46  Roach x13  
  199  11:56  Spore Crawler  
  199  11:57  Overseer, Ravager  
  197  12:01  Spire  
  196  12:12  Drone x6  
  196  12:13  Drone  
  196  12:32  Extractor  
  195  12:39  Spine Crawler  
  195  12:44  Roach x3  
  200  12:50  Roach  
  200  12:52  Zerg Ground Armor Level 2  
  198  13:02  Roach  
  200  13:14  Hatchery, Pneumatized Carapace  
  200  13:15  Zerg Flyer Weapons Level 1  
  200  13:19  Spore Crawler  
  198  13:20  Spore Crawler  
  195  13:36  Roach x2  
  194  13:54  Spine Crawler x3  
  164  14:07  Mutalisk x14  
  164  14:08  Mutalisk x4  
  192  14:26  Mutalisk x3  
  192  14:27  Mutalisk x3  
  186  14:36  Roach x9  
  192  14:44  Roach  
  192  14:45  Hatchery  
  193  14:57  Hatchery  
Show
View Real Time Build Order
Export as new Build Order

Reynor Zerg 

Build Orders: Hatch First 

Get SALT Encoding   

  12  0:00  Drone  
  13  0:12  Overlord  
  13  0:16  Drone  
  14  0:30  Drone x2  
  16  0:49  Hatchery  
  15  0:50  Drone  
  15  0:54  Drone  
  17  0:57  Drone  
  18  1:09  Extractor  
  17  1:13  Spawning Pool  
  17  1:15  Drone  
  17  1:18  Drone  
  18  1:27  Drone  
  19  1:38  Drone  
  20  1:50  Overlord  
  20  2:00  Drone, Queen  
  23  2:01  Drone, Queen  
  26  2:08  Metabolic Boost  
  26  2:10  Drone  
  26  2:12  Drone  
  28  2:22  Drone  
  29  2:23  Drone  
  30  2:34  Hatchery  
  30  2:36  Drone  
  30  2:38  Zergling x2  
  30  2:43  Drone  
  32  2:48  Baneling Nest  
  32  2:50  Overlord  
  31  2:53  Drone  
  31  2:56  Zergling x2  
  33  3:00  Queen  
  33  3:05  Overlord  
  35  3:11  Drone  
  36  3:24  Zergling x4, Evolution Chamber  
  36  3:25  Zergling x2  
  38  3:27  Drone x3  
  38  3:31  Overlord  
  40  3:35  Drone  
  40  3:36  Baneling  
  41  3:43  Drone x3  
  41  3:46  Zergling x4  
  41  3:48  Drone  
  47  3:49  Zerg Missile Weapons Level 1  
  47  3:54  Drone  
  48  3:57  Drone  
  48  3:58  Baneling  
  48  3:59  Overlord  
  48  4:03  Drone  
  48  4:08  Drone  
  50  4:10  Extractor  
  50  4:11  Extractor  
  50  4:12  Drone x3  
  50  4:13  Roach Warren  
  50  4:14  Drone  
  51  4:19  Overlord  
  51  4:20  Drone  
  51  4:23  Drone x3  
  52  4:28  Drone x3  
  52  4:31  Drone  
  55  4:33  Drone  
  55  4:36  Lair  
  56  4:38  Drone  
  56  4:39  Drone  
  56  4:40  Drone  
  56  4:45  Drone x3  
  62  4:47  Drone  
  62  4:48  Drone  
  62  4:49  Extractor  
  62  4:51  Drone x2  
  65  4:53  Drone  
  65  4:58  Overlord  
  66  5:00  Drone x3  
  66  5:04  Extractor  
  66  5:05  Overlord x2  
  68  5:15  Roach x3  
  68  5:18  Roach x4  
  81  5:22  Overlord  
  81  5:28  Roach x3  
  87  5:33  Glial Reconstitution  
  87  5:34  Overseer  
  87  5:35  Overlord  
  87  5:36  Roach x3  
  93  5:43  Roach, Nydus Network  
  93  5:46  Roach x2  
  93  5:48  Roach  
  102  5:50  Roach  
  102  5:52  Overlord  
  102  5:55  Roach x2  
  102  5:56  Roach  
  108  6:02  Roach x2  
  112  6:05  Overlord  
  112  6:07  Overlord  
  112  6:11  Roach  
  112  6:12  Roach x3  
  120  6:19  Overlord  
  120  6:24  Nydus Canal  
  120  6:26  Roach x3  
  120  6:28  Roach x2  
  120  6:29  Overseer  
  120  6:32  Roach  
  132  6:35  Roach x2  
  132  6:37  Roach  
  132  6:39  Nydus Canal  
  138  6:41  Overlord  
  138  6:43  Roach x3  
  138  6:44  Overlord  
  144  6:53  Nydus Canal  
  140  6:55  Overlord  
  136  7:01  Roach x4  
  136  7:02  Roach  
  136  7:05  Roach x5  
  136  7:06  Nydus Canal  
  136  7:07  Roach x2  
  136  7:08  Roach  
  148  7:10  Roach  
  148  7:14  Roach  
  144  7:19  Roach x2  
  144  7:20  Roach x3  
  144  7:26  Roach  
  140  7:30  Roach  
  124  7:38  Roach x5  
  124  7:40  Roach x3  
  124  7:43  Roach  
  128  7:46  Roach  
  128  7:48  Roach x2  
  128  7:49  Roach  
  128  7:50  Roach  
  128  7:56  Roach  
  130  7:59  Roach x2  
  130  8:06  Roach  
  130  8:08  Roach  
  130  8:10  Zerg Missile Weapons Level 2  
  130  8:12  Roach  
  126  8:17  Roach x3  
  126  8:19  Drone x2  
  122  8:21  Hatchery, Extractor, Roach  
  110  8:29  Roach x3  
  110  8:31  Roach x2  
  110  8:32  Drone x3  
  117  8:35  Roach  
  115  8:41  Roach  
  115  8:42  Roach  
  115  8:44  Roach x2  
  115  8:48  Roach x2  
  121  8:58  Roach x5  
  121  8:59  Roach  
  133  9:03  Roach x2  
  133  9:07  Ravager x2  
  140  9:10  Drone  
  140  9:14  Overseer  
  134  9:18  Roach x5  
  134  9:19  Roach  
  134  9:23  Overseer  
  146  9:24  Extractor  
  146  9:26  Roach  
  146  9:30  Roach x3  
  146  9:31  Roach x2  
  157  9:36  Ravager  
  157  9:37  Roach  
  157  9:38  Roach  
  162  9:43  Roach x2  
  165  9:47  Roach  
  162  9:55  Roach x3  
  162  9:59  Overlord x2  
  168  10:00  Overlord  
  168  10:04  Nydus Canal  
  168  10:17  Overlord  
  168  10:18  Nydus Canal  
  168  10:19  Roach x4  
  168  10:21  Roach x3  
  182  10:22  Roach x2  
  182  10:23  Roach x2  
  182  10:24  Roach  
  192  10:29  Nydus Canal  
  192  10:33  Overlord x2  
  192  10:35  Overlord  
  192  10:44  Overseer  
  192  10:45  Pneumatized Carapace  
  192  10:48  Nydus Canal  
  192  10:50  Overlord x3  
  192  10:51  Overlord  
  192  10:53  Zerg Ground Armor Level 1  
  192  10:54  Overseer, Spore Crawler  
  189  11:02  Roach x5  
  172  11:07  Roach x3  
  163  11:11  Roach x2  
  165  11:20  Nydus Canal  
  165  11:21  Drone x4  
  165  11:24  Ravager  
  170  11:26  Roach x4  
  170  11:30  Roach x2  
  178  11:33  Roach  
  178  11:35  Roach  
  178  11:38  Roach x2  
  178  11:42  Roach x2  
  178  11:43  Roach x4  
  178  11:44  Roach  
  172  11:51  Roach x4  
  172  11:53  Burrow  
  180  11:57  Ravager x3  
  180  11:58  Ravager  
  180  12:01  Roach x3  
  190  12:03  Roach x3  
  190  12:04  Roach  
  190  12:06  Roach  
  190  12:07  Roach  
  196  12:14  Ravager x2  
  196  12:15  Ravager  
  193  12:17  Nydus Canal  
  193  12:18  Roach x3  
  193  12:22  Ravager  
  200  12:23  Ravager  
  200  12:30  Nydus Canal  
  200  12:47  Infestation Pit  
  191  12:52  Roach x4  
  191  12:56  Queen, Extractor  
  191  12:57  Roach  
  200  13:00  Zerg Ground Armor Level 2  
  200  13:04  Evolution Chamber  
  199  13:07  Nydus Canal  
  197  13:14  Roach  
  197  13:15  Ravager  
  197  13:18  Roach x15  
  200  13:25  Nydus Canal  
  194  13:38  Tunneling Claws  
  194  13:40  Nydus Canal  
  192  13:42  Roach x4  
  192  13:45  Roach  
  192  13:46  Hive  
  200  13:51  Roach  
  200  13:54  Roach  
  192  13:58  Roach x5  
  192  13:59  Roach  
  192  14:01  Roach x9  
  191  14:06  Hatchery  
  192  14:10  Roach x5  
  192  14:15  Nydus Canal  
  192  14:26  Roach x5  
  192  14:31  Roach x3  
  196  14:33  Roach x5  
  171  14:41  Ravager x3, Roach x2  
  171  14:42  Roach  
  171  14:44  Hydralisk Den  
  179  14:50  Spore Crawler x3  
  172  15:00  Roach x4  
Tags
 
Add a new tag
Caveats
  • Supply blocks, unpowered buildings, or Contaminate may cause inaccurate times.
  • Supply counts are checked every 10 seconds.